Nashville Predators vs Quebec Nordiques
Created - Wednesday, October 16, 2024 at 10:00
Goals
|
| Nashville Predators |
2 |
4 |
0 |
6 |
| Quebec Nordiques |
0 |
1 |
1 |
2 |
|
Shots
|
| Nashville Predators |
13 |
21 |
6 |
40 |
| Quebec Nordiques |
9 |
14 |
12 |
35 |
|
1st period
1. Nashville Predators , Leo Carlsson 15 (Brett Leason 6, Dante Fabbro 12) at 12:48 (PP)
2. Nashville Predators , Jack Drury 10 (Zach Benson 11) at 14:27
Penalties :
Jonas Siegenthaler (QUE) for Slashing (Minor) at 3:59, Ryan Johansen (NSH) for Holding (Minor) at 9:55, Michael McCarron (QUE) for Roughing (Minor) at 12:22
2nd period
3. Nashville Predators , Colton Sissons 20 (Max Pacioretty 23) at 1:07
4. Quebec Nordiques , Connor Brown 3 (Evander Kane 22, J.J. Moser 16) at 15:50
5. Nashville Predators , Leo Carlsson 16 (Ryan Johansen 24) at 17:10 (PP)
6. Nashville Predators , Leo Carlsson 17 (Ryan Johansen 25, Brett Leason 7) at 19:12 (PP)
7. Nashville Predators , Pius Suter 13 (Colton Sissons 31) at 19:16
Penalties :
Colton Sissons (NSH) for Tripping (Minor) at 2:33, Trevor Zegras (QUE) for Delaying the game (Minor) at 17:07, Trevor Zegras (QUE) for Roughing (Minor) at 17:25
3rd period
8. Quebec Nordiques , Michael McCarron 2 (Marc Staal 4, Jordan Greenway 12) at 3:34
Penalties :
Anthony Stolarz (NSH) for Delaying the game (Minor) at 7:06 - Jordan Harris served the penalty, Marco Rossi (QUE) for Slashing (Minor) at 17:34
Goalie Stats
Anthony Stolarz (NSH), 33 saves from 35 shots - (0.943), W, 7-9-1, 60:00 minutes
Lukas Dostal (QUE), 34 saves from 40 shots - (0.850), L, 8-15-2, 60:00 minutes
Players Stats for Nashville Predators
Player Name G A P +/- PIM S H SB GA TA FO MP PP MP PK MP
------------------------------------------------------------------------------------
Artem Zub 0 0 0 1 0 0 2 3 0 0 0/0 25:12 3:43 3:17
Brett Leason 0 2 2 -2 0 5 4 0 0 2 0/2 20:26 3:57 2:50
Colton Sissons 1 1 2 2 2 3 2 1 0 0 5/16 17:44 2:10 1:57
Dante Fabbro 0 1 1 0 0 2 0 3 0 1 0/0 21:21 3:43 3:11
Henri Jokiharju 0 0 0 0 0 2 0 0 0 1 0/0 16:01 0:21 0:34
Jack Drury 1 0 1 1 0 1 0 2 1 0 8/12 13:09 0:00 1:15
Jesper Boqvist 0 0 0 1 0 0 0 0 0 0 0/1 12:11 0:01 0:25
Jordan Harris 0 0 0 0 0 0 0 1 0 2 0/0 19:25 2:31 1:59
Josh Doan 0 0 0 0 0 2 0 1 0 2 0/0 9:56 0:06 0:00
Leo Carlsson 3 0 3 -2 0 6 2 0 0 0 1/1 16:45 3:58 0:00
Mattias Samuelsson 0 0 0 1 0 1 0 0 0 0 0/0 19:15 2:10 0:00
Max Pacioretty 0 1 1 2 0 3 2 1 0 0 0/0 14:52 2:11 0:00
Michael Carcone 0 0 0 0 0 3 2 0 1 1 0/0 9:44 0:00 0:00
Pius Suter 1 0 1 2 0 3 1 1 1 0 1/2 17:39 2:10 2:54
Ryan Johansen 0 2 2 -2 2 3 3 2 0 0 12/26 18:37 3:57 1:46
Simon Benoit 0 0 0 0 0 1 3 0 0 0 0/0 19:10 0:00 2:53
Thomas Novak 0 0 0 0 0 3 0 0 0 1 4/9 9:44 0:00 0:00
Zach Benson 0 1 1 1 0 2 1 0 1 0 0/0 12:50 0:12 0:47
Players Stats for Quebec Nordiques
Player Name G A P +/- PIM S H SB GA TA FO MP PP MP PK MP
------------------------------------------------------------------------------------
Barrett Hayton 0 0 0 0 0 2 2 0 0 0 4/10 12:41 0:04 0:32
Cole Perfetti 0 0 0 -2 0 4 0 0 0 0 1/3 17:06 2:52 0:00
Connor Brown 1 0 1 0 0 4 1 1 0 0 1/2 17:21 3:01 0:00
Eetu Luostarinen 0 0 0 0 0 0 1 0 2 0 0/0 15:16 0:00 3:27
Evander Kane 0 1 1 0 0 5 2 0 1 0 1/1 17:21 3:01 0:00
J.J. Moser 0 1 1 0 0 3 0 2 2 2 0/0 24:18 2:51 3:28
Jonas Siegenthaler 0 0 0 -1 2 1 0 1 0 0 0/0 20:31 3:06 1:45
Jordan Greenway 0 1 1 1 0 2 2 0 0 0 1/1 10:08 0:04 2:38
Justin Holl 0 0 0 0 0 0 0 1 0 0 0/0 14:57 0:00 0:00
Juuso Valimaki 0 0 0 -1 0 1 2 1 1 1 0/0 18:34 2:51 1:01
Kirby Dach 0 0 0 0 0 1 3 0 0 0 1/1 12:09 0:04 0:00
Marc Staal 0 1 1 0 0 0 2 0 0 0 0/0 17:07 0:00 2:46
Marco Rossi 0 0 0 -2 2 2 0 1 0 0 12/22 17:05 2:52 0:00
Michael Anderson 0 0 0 0 0 1 1 0 0 0 0/0 24:44 3:06 3:28
Michael McCarron 1 0 1 1 2 3 2 0 0 0 2/5 10:01 0:00 3:04
Ryan Poehling 0 0 0 1 0 3 1 0 0 1 4/5 9:48 0:00 2:38
Shane Pinto 0 0 0 0 0 1 2 1 1 0 10/18 17:21 3:01 0:00
Trevor Zegras 0 0 0 -2 4 2 2 1 3 0 1/1 17:13 2:52 0:09
3 Stars
1 - Leo Carlsson (NSH)
2 - Colton Sissons (NSH)
3 - Pius Suter (NSH)
Power Play
Nashville Predators - 3 on 5 Attempt(s) - 60.00%
Quebec Nordiques - 0 on 3 Attempt(s) - 0.00%
Penalty Kill
Nashville Predators - 3 on 3 Attempt(s) - 100.00%
- Score 0 goal in Penalty Kill
Quebec Nordiques - 2 on 5 Attempt(s) - 40.00%
- Score 0 goal in Penalty Kill
Team Stat
Nashville Predators - Hits : 22 - Faceoff Wins : 31 - Blocked Shots : 15 - Penalty Minutes : 6
Quebec Nordiques - Hits : 23 - Faceoff Wins : 38 - Blocked Shots : 9 - Penalty Minutes : 10
Official
Referees : Tom Chmielewski and Conor O'Donnell
Linesman : Ryan Gibbons and Michel Cormier
Game Notes
17:10 of 2nd period - Nashville Predators goal is going for a video replay. After video review, Goal.
Leo Carlsson has scored a Hat Trick!
Finance
Level 1 -- Attendance: 4804 (80.07%) -- Ticket Income $480,400
Level 2 -- Attendance: 3746 (74.92%) -- Ticket Income $224,760
Level 3 -- Attendance: 2190 (73.00%) -- Ticket Income $76,650
Level 4 -- Attendance: 3434 (68.68%) -- Ticket Income $85,850
Luxury Box -- Attendance: 741 (74.10%) -- Ticket Income $148,200
Game was played at the Centre Videotron.
Total Attendance: 14915 (74.58%)
Total Ticket Income: $1,015,860
Other Income: $355,551
Total Income: $1,371,411
Nashville Predators
5 vs 5 Forward
Center Left Wing Right Wing Time % Phy DF OF
1 Colton Sissons Max Pacioretty Pius Suter 27 1 2 2
2 Ryan Johansen Leo Carlsson Brett Leason 27 0 2 3
3 Jack Drury Zach Benson Jesper Boqvist 25 0 2 3
4 Thomas Novak Josh Doan Michael Carcone 21 1 2 2
5 vs 5 Defense
Defense Defense Time % Phy DF OF
1 Artem Zub Mattias Samuelsson 35 1 3 1
2 Simon Benoit Henri Jokiharju 35 1 3 1
3 Jordan Harris Dante Fabbro 30 1 3 1
4 Dante Fabbro Artem Zub 0 1 3 1
PowerPlay Forward
Center Left Wing Right Wing Time % Phy DF OF
1 Colton Sissons Max Pacioretty Pius Suter 50 1 1 3
2 Ryan Johansen Brett Leason Leo Carlsson 50 1 1 3
PowerPlay Defense
Defense Defense Time % Phy DF OF
1 Dante Fabbro Artem Zub 50 1 1 3
2 Jordan Harris Mattias Samuelsson 50 2 2 1
Penalty Kill 4 Players Forward
Center Wing Time % Phy DF OF
1 Colton Sissons Brett Leason 50 1 2 2
2 Ryan Johansen Pius Suter 50 1 2 2
Penalty Kill 4 Players Defense
Defense Defense Time % Phy DF OF
1 Dante Fabbro Artem Zub 50 2 2 1
2 Simon Benoit Jordan Harris 50 1 2 2
Penalty Kill - 3 Players Forward
Forward Time % Phy DF OF
1 Colton Sissons 50 1 2 2
2 Ryan Johansen 50 1 2 2
Penalty Kill - 3 Players Defense
Defense Defense Time % Phy DF OF
1 Dante Fabbro Artem Zub 50 1 2 2
2 Jordan Harris Mattias Samuelsson 50 1 2 2
4 vs 4 Forward
Center Wing Time % Phy DF OF
1 Colton Sissons Pius Suter 50 1 2 2
2 Ryan Johansen Max Pacioretty 50 1 2 2
4 vs 4 Defense
Defense Defense Time % Phy DF OF
1 Artem Zub Jordan Harris 50 2 2 1
2 Dante Fabbro Simon Benoit 50 1 2 2
Last Minutes Offensive
Center Left Wing Right Wing Defense Defense
Colton Sissons Pius Suter Brett Leason Dante Fabbro Jordan Harris
Last Minutes Defensive
Center Left Wing Right Wing Defense Defense
Colton Sissons Pius Suter Brett Leason Mattias Samuelsson Artem Zub
Goaltenders
Starting : Anthony Stolarz
Backup : Semyon Varlamov
Extra Forwards
Normal : Leo Carlsson, Zach Benson, Colton Sissons - PP : Colton Sissons, Pius Suter - PK : Jack Drury
Extra Defensemen
Normal : Artem Zub, Dante Fabbro, Mattias Samuelsson - PP : Artem Zub - PK : Artem Zub, Dante Fabbro
Penalty Shots
Thomas Novak, Leo Carlsson, Pius Suter, Colton Sissons, Max Pacioretty
Scratches
Liam Foudy (Healthy), Jakub Voracek (Healthy), Parker Wotherspoon (Healthy), Mads Sogaard (Healthy), Samuel Ersson (Healthy)
Quebec Nordiques
5 vs 5 Forward
Center Left Wing Right Wing Time % Phy DF OF
1 Shane Pinto Evander Kane Connor Brown 30 1 1 3
2 Marco Rossi Trevor Zegras Cole Perfetti 30 1 1 3
3 Barrett Hayton Eetu Luostarinen Kirby Dach 25 1 1 3
4 Michael McCarron Ryan Poehling Jordan Greenway 15 1 3 1
5 vs 5 Defense
Defense Defense Time % Phy DF OF
1 J.J. Moser Michael Anderson 30 1 3 1
2 Jonas Siegenthaler Juuso Valimaki 30 1 3 1
3 Marc Staal Justin Holl 30 1 3 1
4 J.J. Moser Michael Anderson 10 1 3 1
PowerPlay Forward
Center Left Wing Right Wing Time % Phy DF OF
1 Shane Pinto Evander Kane Connor Brown 50 1 0 4
2 Marco Rossi Trevor Zegras Cole Perfetti 50 1 0 4
PowerPlay Defense
Defense Defense Time % Phy DF OF
1 J.J. Moser Juuso Valimaki 50 1 3 1
2 Michael Anderson Jonas Siegenthaler 50 1 3 1
Penalty Kill 4 Players Forward
Center Wing Time % Phy DF OF
1 Ryan Poehling Jordan Greenway 50 1 2 2
2 Michael McCarron Eetu Luostarinen 50 1 2 2
Penalty Kill 4 Players Defense
Defense Defense Time % Phy DF OF
1 J.J. Moser Michael Anderson 50 1 2 2
2 Jonas Siegenthaler Marc Staal 50 1 2 2
Penalty Kill - 3 Players Forward
Forward Time % Phy DF OF
1 Michael McCarron 50 1 2 2
2 Ryan Poehling 50 1 2 2
Penalty Kill - 3 Players Defense
Defense Defense Time % Phy DF OF
1 J.J. Moser Michael Anderson 50 1 2 2
2 Jonas Siegenthaler Juuso Valimaki 50 1 2 2
4 vs 4 Forward
Center Wing Time % Phy DF OF
1 Shane Pinto Trevor Zegras 50 1 2 2
2 Marco Rossi Cole Perfetti 50 1 2 2
4 vs 4 Defense
Defense Defense Time % Phy DF OF
1 J.J. Moser Michael Anderson 50 1 2 2
2 Jonas Siegenthaler Juuso Valimaki 50 1 2 2
Last Minutes Offensive
Center Left Wing Right Wing Defense Defense
Shane Pinto Evander Kane Connor Brown J.J. Moser Michael Anderson
Last Minutes Defensive
Center Left Wing Right Wing Defense Defense
Ryan Poehling Eetu Luostarinen Jordan Greenway J.J. Moser Michael Anderson
Goaltenders
Starting : Lukas Dostal
Backup : John Gibson
Extra Forwards
Normal : Marco Rossi, Kirby Dach, Barrett Hayton - PP : Marco Rossi, Kirby Dach - PK : Barrett Hayton
Extra Defensemen
Normal : Jonas Siegenthaler, Marc Staal, J.J. Moser - PP : Jonas Siegenthaler - PK : Juuso Valimaki, Jonas Siegenthaler
Penalty Shots
Trevor Zegras, Kirby Dach, Connor Brown, Barrett Hayton, Evander Kane
Scratches
Alexander Alexeyev (Healthy), Anthony Duclair (Healthy)
% Time on Ice - Nashville Predators
Lines # - Real PCT - Wanted PCT - Time Play
Normal Forward
1 - 29% - 27% - 13:44
2 - 27% - 27% - 12:47
3 - 24% - 25% - 11:34
4 - 20% - 21% - 9:44
Normal Defense
1 - 36% - 35% - 17:26
2 - 35% - 35% - 16:43
3 - 29% - 30% - 13:40
4 - 0% - 0% - 0:00
PP Forward
1 - 36% - 50% - 2:16
2 - 64% - 50% - 3:58
PP Defense
1 - 60% - 50% - 3:43
2 - 40% - 50% - 2:31
PK Forward
1 - 55% - 50% - 3:15
2 - 45% - 50% - 2:42
PK Defense
1 - 42% - 50% - 2:30
2 - 58% - 50% - 3:27
PK3 Forward
1 - 0% - 50%
2 - 0% - 50%
PK3 Defense
1 - 0% - 50%
2 - 0% - 50%
44 Forward
1 - 0% - 50%
2 - 0% - 50%
44 Defense
1 - 0% - 50%
2 - 0% - 50%
Last Minute Offensive - 0:00
Last Minute Defensive - 0:00
Total
Forward - 60:00
Defense - 60:00
|
% Time on Ice - Quebec Nordiques
Lines # - Real PCT - Wanted PCT - Time Play
Normal Forward
1 - 30% - 30% - 14:32
2 - 30% - 30% - 14:30
3 - 25% - 25% - 11:49
4 - 15% - 15% - 6:58
Normal Defense
1 - 31% - 30% - 14:41
2 - 31% - 30% - 15:01
3 - 31% - 30% - 14:57
4 - 7% - 10% - 3:10
PP Forward
1 - 51% - 50% - 3:01
2 - 49% - 50% - 2:56
PP Defense
1 - 48% - 50% - 2:51
2 - 52% - 50% - 3:06
PK Forward
1 - 45% - 50% - 2:47
2 - 55% - 50% - 3:27
PK Defense
1 - 56% - 50% - 3:28
2 - 44% - 50% - 2:46
PK3 Forward
1 - 0% - 50%
2 - 0% - 50%
PK3 Defense
1 - 0% - 50%
2 - 0% - 50%
44 Forward
1 - 0% - 50%
2 - 0% - 50%
44 Defense
1 - 0% - 50%
2 - 0% - 50%
Last Minute Offensive - 0:00
Last Minute Defensive - 0:00
Total
Forward - 60:00
Defense - 60:00
|
Play-by-Play
1st period
0:01 of 1st period - Colton Sissons wins face-off versus Shane Pinto in neutral zone.
0:26 of 1st period - Mattias Samuelsson is hit by Michael Anderson and loses puck.
1:56 of 1st period - Wrist shot by Marco Rossi.
1:56 of 1st period - Stopped by Anthony Stolarz with a rebound.
1:58 of 1st period - Wrist shot by Marc Staal.
1:58 of 1st period - Shot Misses the Net.
2:00 of 1st period - Snap shot by Cole Perfetti.
2:00 of 1st period - Stopped by Anthony Stolarz without a rebound.
2:01 of 1st period - Jack Drury wins face-off versus Marco Rossi in Nashville Predators zone.
2:28 of 1st period - Snap shot by Ryan Poehling.
2:28 of 1st period - Stopped by Anthony Stolarz with a rebound.
2:30 of 1st period - Snap shot by Jordan Greenway.
2:30 of 1st period - Shot Misses the Net.
2:32 of 1st period - Slapshot by Jonas Siegenthaler.
2:32 of 1st period - Shot Misses the Net.
2:34 of 1st period - Slapshot by Ryan Poehling.
2:34 of 1st period - Stopped by Anthony Stolarz without a rebound.
2:35 of 1st period - Kirby Dach wins face-off versus Thomas Novak in Nashville Predators zone.
2:45 of 1st period - Icing by Michael Anderson.
2:46 of 1st period - Thomas Novak wins face-off versus Barrett Hayton in Quebec Nordiques zone.
2:47 of 1st period - Slapshot by Michael Carcone.
2:47 of 1st period - Shot Blocked by J.J. Moser.
3:19 of 1st period - Josh Doan is hit by Eetu Luostarinen and loses puck.
3:37 of 1st period - Off-side.
3:38 of 1st period - Shane Pinto wins face-off versus Pius Suter in neutral zone.
3:43 of 1st period - Snap shot by Max Pacioretty.
3:43 of 1st period - Stopped by Lukas Dostal with a rebound.
3:45 of 1st period - Snap shot by Simon Benoit.
3:45 of 1st period - Shot Misses the Net.
3:47 of 1st period - Snap shot by Colton Sissons.
3:47 of 1st period - Shot Misses the Net.
3:49 of 1st period - Slapshot by Henri Jokiharju.
3:49 of 1st period - Stopped by Lukas Dostal with a rebound.
3:51 of 1st period - Snap shot by Colton Sissons.
3:51 of 1st period - Shot Misses the Net.
3:53 of 1st period - Wrist shot by Pius Suter.
3:53 of 1st period - Stopped by Lukas Dostal with a rebound.
3:59 of 1st period - Minor Penalty to Jonas Siegenthaler for Slashing.
4:00 of 1st period - Ryan Poehling wins face-off versus Colton Sissons in Quebec Nordiques zone.
4:00 of 1st period - Ryan Poehling is hit by Colton Sissons.
4:25 of 1st period - J.J. Moser is hit by Brett Leason and loses puck.
4:36 of 1st period - Jordan Greenway is hit by Leo Carlsson and loses puck.
5:59 of 1st period - Penalty to Jonas Siegenthaler is over, Jonas Siegenthaler is back on ice.
6:16 of 1st period - Justin Holl is hit by Artem Zub and loses puck.
6:36 of 1st period - Jack Drury is hit by Shane Pinto and loses puck.
7:41 of 1st period - Simon Benoit is hit by Michael McCarron and loses puck.
8:03 of 1st period - Evander Kane is hit by Michael Carcone.
8:49 of 1st period - Icing by J.J. Moser.
8:50 of 1st period - Marco Rossi wins face-off versus Colton Sissons in Quebec Nordiques zone.
8:59 of 1st period - J.J. Moser is hit by Max Pacioretty and loses puck.
9:28 of 1st period - Wrist shot by Colton Sissons.
9:28 of 1st period - Shot Blocked by J.J. Moser.
9:36 of 1st period - Wrist shot by Colton Sissons.
9:36 of 1st period - Stopped by Lukas Dostal without a rebound.
9:37 of 1st period - Ryan Johansen wins face-off versus Shane Pinto in Quebec Nordiques zone.
9:55 of 1st period - Minor Penalty to Ryan Johansen for Holding.
9:56 of 1st period - Shane Pinto wins face-off versus Colton Sissons in Nashville Predators zone.
11:54 of 1st period - Jordan Harris is hit by Kirby Dach and loses puck.
11:55 of 1st period - Penalty to Ryan Johansen is over, Ryan Johansen is back on ice.
12:19 of 1st period - Wrist shot by Zach Benson.
12:19 of 1st period - Stopped by Lukas Dostal without a rebound.
12:20 of 1st period - Jordan Greenway wins face-off versus Jack Drury in Quebec Nordiques zone.
12:22 of 1st period - Minor Penalty to Michael McCarron for Roughing.
12:23 of 1st period - Ryan Poehling wins face-off versus Colton Sissons in Quebec Nordiques zone.
12:23 of 1st period - Ryan Poehling is hit by Max Pacioretty.
12:44 of 1st period - Snap shot by Leo Carlsson.
12:44 of 1st period - Shot Misses the Net.
12:46 of 1st period - Snap shot by Brett Leason.
12:46 of 1st period - Stopped by Lukas Dostal with a rebound.
12:48 of 1st period - Snap shot by Leo Carlsson.
12:48 of 1st period - Goal by Leo Carlsson - Nashville Predators : 1 - Quebec Nordiques : 0.
12:49 of 1st period - Ryan Johansen wins face-off versus Shane Pinto in neutral zone.
13:27 of 1st period - Icing by Barrett Hayton.
13:28 of 1st period - Ryan Johansen wins face-off versus Barrett Hayton in Quebec Nordiques zone.
13:38 of 1st period - Off-side.
13:39 of 1st period - Ryan Johansen wins face-off versus Shane Pinto in neutral zone.
13:46 of 1st period - Wrist shot by Ryan Johansen.
13:46 of 1st period - Shot Misses the Net.
13:48 of 1st period - Snap shot by Ryan Johansen.
13:48 of 1st period - Stopped by Lukas Dostal without a rebound.
13:49 of 1st period - Ryan Johansen wins face-off versus Shane Pinto in Quebec Nordiques zone.
13:50 of 1st period - Snap shot by Leo Carlsson.
13:50 of 1st period - Stopped by Lukas Dostal without a rebound.
13:51 of 1st period - Trevor Zegras wins face-off versus Ryan Johansen in Quebec Nordiques zone.
14:27 of 1st period - Slapshot by Jack Drury.
14:27 of 1st period - Goal by Jack Drury - Nashville Predators : 2 - Quebec Nordiques : 0.
14:28 of 1st period - Connor Brown wins face-off versus Colton Sissons in neutral zone.
14:33 of 1st period - Slapshot by Evander Kane.
14:33 of 1st period - Shot Blocked by Pius Suter.
14:35 of 1st period - Slapshot by Michael Anderson.
14:35 of 1st period - Shot Blocked by Colton Sissons.
14:37 of 1st period - Wrist shot by Connor Brown.
14:37 of 1st period - Deflect By Evander Kane.
14:37 of 1st period - Shot Misses the Net.
14:37 of 1st period - Puck is out of play.
14:38 of 1st period - Shane Pinto wins face-off versus Colton Sissons in Nashville Predators zone.
14:47 of 1st period - Wrist shot by Evander Kane.
14:47 of 1st period - Stopped by Anthony Stolarz with a rebound.
14:55 of 1st period - Snap shot by Shane Pinto.
14:55 of 1st period - Stopped by Anthony Stolarz with a rebound.
14:57 of 1st period - Snap shot by Connor Brown.
14:57 of 1st period - Stopped by Anthony Stolarz without a rebound.
14:58 of 1st period - Marco Rossi wins face-off versus Ryan Johansen in Nashville Predators zone.
16:33 of 1st period - Slapshot by Shane Pinto.
16:33 of 1st period - Shot Blocked by Artem Zub.
16:35 of 1st period - Slapshot by Michael Anderson.
16:35 of 1st period - Stopped by Anthony Stolarz with a rebound.
16:51 of 1st period - Snap shot by Jordan Greenway.
16:51 of 1st period - Shot Misses the Net.
16:53 of 1st period - Snap shot by Jordan Greenway.
16:53 of 1st period - Stopped by Anthony Stolarz with a rebound.
16:55 of 1st period - Wrist shot by Ryan Poehling.
16:55 of 1st period - Deflect By Ryan Johansen.
16:55 of 1st period - Shot Blocked by Artem Zub.
16:55 of 1st period - Puck is out of play.
16:56 of 1st period - Marco Rossi wins face-off versus Jack Drury in Nashville Predators zone.
17:01 of 1st period - Snap shot by Cole Perfetti.
17:01 of 1st period - Shot Misses the Net.
17:03 of 1st period - Backhand shot by Marco Rossi.
17:03 of 1st period - Shot Misses the Net.
17:05 of 1st period - Backhand shot by Trevor Zegras.
17:05 of 1st period - Shot Blocked by Jack Drury.
17:43 of 1st period - Snap shot by Colton Sissons.
17:43 of 1st period - Shot Misses the Net.
17:45 of 1st period - Snap shot by Thomas Novak.
17:45 of 1st period - Stopped by Lukas Dostal with a rebound.
17:47 of 1st period - Slapshot by Dante Fabbro.
17:47 of 1st period - Shot Misses the Net.
17:49 of 1st period - Slapshot by Jordan Harris.
17:49 of 1st period - Shot Misses the Net.
17:51 of 1st period - Slapshot by Josh Doan.
17:51 of 1st period - Shot Misses the Net.
17:53 of 1st period - Slapshot by Dante Fabbro.
17:53 of 1st period - Stopped by Lukas Dostal without a rebound.
17:54 of 1st period - Jack Drury wins face-off versus Marco Rossi in Quebec Nordiques zone.
18:52 of 1st period - Off-side.
18:53 of 1st period - Shane Pinto wins face-off versus Ryan Johansen in neutral zone.
19:35 of 1st period - Snap shot by Leo Carlsson.
19:35 of 1st period - Shot Blocked by Justin Holl.
19:37 of 1st period - Wrist shot by Brett Leason.
19:37 of 1st period - Shot Misses the Net.
19:39 of 1st period - Backhand shot by Mattias Samuelsson.
19:39 of 1st period - Stopped by Lukas Dostal with a rebound.
19:41 of 1st period - Wrist shot by Mattias Samuelsson.
19:41 of 1st period - Deflect By Brett Leason.
19:41 of 1st period - Shot Misses the Net.
19:41 of 1st period - Puck is out of play.
19:42 of 1st period - Jack Drury wins face-off versus Barrett Hayton in Quebec Nordiques zone.
Goals for this period are 2 for Nashville Predators vs 0 for Quebec Nordiques.
Shots for this period are 13 for Nashville Predators vs 9 for Quebec Nordiques.
2nd period
0:01 of 2nd period - Barrett Hayton wins face-off versus Thomas Novak in neutral zone.
0:26 of 2nd period - Jordan Harris is hit by Ryan Poehling and loses puck.
0:49 of 2nd period - Snap shot by Evander Kane.
0:49 of 2nd period - Stopped by Anthony Stolarz with a rebound.
0:51 of 2nd period - Wrist shot by Connor Brown.
0:51 of 2nd period - Shot Misses the Net.
0:53 of 2nd period - Wrist shot by Michael Anderson.
0:53 of 2nd period - Shot Misses the Net.
0:55 of 2nd period - Snap shot by Connor Brown.
0:55 of 2nd period - Shot Misses the Net.
0:57 of 2nd period - Slapshot by J.J. Moser.
0:57 of 2nd period - Stopped by Anthony Stolarz without a rebound.
0:58 of 2nd period - Colton Sissons wins face-off versus Marco Rossi in Nashville Predators zone.
1:07 of 2nd period - Wrist shot by Colton Sissons.
1:07 of 2nd period - Goal by Colton Sissons - Nashville Predators : 3 - Quebec Nordiques : 0.
1:08 of 2nd period - Barrett Hayton wins face-off versus Thomas Novak in neutral zone.
1:43 of 2nd period - Wrist shot by Marco Rossi.
1:43 of 2nd period - Stopped by Anthony Stolarz without a rebound.
1:44 of 2nd period - Michael McCarron wins face-off versus Ryan Johansen in Nashville Predators zone.
1:45 of 2nd period - Snap shot by Jordan Greenway.
1:45 of 2nd period - Shot Blocked by Ryan Johansen.
1:55 of 2nd period - Slapshot by Jordan Greenway.
1:55 of 2nd period - Stopped by Anthony Stolarz with a rebound.
2:27 of 2nd period - Wrist shot by Shane Pinto.
2:27 of 2nd period - Shot Blocked by Max Pacioretty.
2:33 of 2nd period - Minor Penalty to Colton Sissons for Tripping.
2:34 of 2nd period - Marco Rossi wins face-off versus Ryan Johansen in Nashville Predators zone.
2:35 of 2nd period - Snap shot by Cole Perfetti.
2:35 of 2nd period - Stopped by Anthony Stolarz without a rebound.
2:36 of 2nd period - Ryan Johansen wins face-off versus Marco Rossi in Nashville Predators zone.
2:47 of 2nd period - Snap shot by Marco Rossi.
2:47 of 2nd period - Deflect By Cole Perfetti.
2:47 of 2nd period - Stopped by Anthony Stolarz with a rebound.
2:49 of 2nd period - Slapshot by J.J. Moser.
2:49 of 2nd period - Shot Blocked by Dante Fabbro.
2:51 of 2nd period - Snap shot by Marco Rossi.
2:51 of 2nd period - Shot Blocked by Dante Fabbro.
3:01 of 2nd period - Brett Leason is hit by Evander Kane and loses puck.
3:48 of 2nd period - Jordan Harris is hit by Trevor Zegras and loses puck.
4:22 of 2nd period - Shane Pinto is hit by Simon Benoit and loses puck.
4:33 of 2nd period - Penalty to Colton Sissons is over, Colton Sissons is back on ice.
5:00 of 2nd period - Wrist shot by Josh Doan.
5:00 of 2nd period - Stopped by Lukas Dostal without a rebound.
5:01 of 2nd period - Thomas Novak wins face-off versus Michael McCarron in Quebec Nordiques zone.
5:04 of 2nd period - Wrist shot by Michael Carcone.
5:04 of 2nd period - Stopped by Lukas Dostal with a rebound.
5:31 of 2nd period - Josh Doan is hit by Jordan Greenway and loses puck.
5:42 of 2nd period - Wrist shot by Josh Doan.
5:42 of 2nd period - Stopped by Lukas Dostal with a rebound.
5:44 of 2nd period - Slapshot by Simon Benoit.
5:44 of 2nd period - Shot Blocked by Juuso Valimaki.
5:46 of 2nd period - Snap shot by Thomas Novak.
5:46 of 2nd period - Shot Misses the Net.
5:48 of 2nd period - Slapshot by Simon Benoit.
5:48 of 2nd period - Stopped by Lukas Dostal with a rebound.
5:58 of 2nd period - Thomas Novak is hit by Juuso Valimaki and loses puck.
6:05 of 2nd period - Michael McCarron is hit by Artem Zub and loses puck.
6:18 of 2nd period - Snap shot by Jordan Greenway.
6:18 of 2nd period - Shot Blocked by Josh Doan.
6:20 of 2nd period - Slapshot by Juuso Valimaki.
6:20 of 2nd period - Stopped by Anthony Stolarz without a rebound.
6:21 of 2nd period - Jack Drury wins face-off versus Cole Perfetti in Nashville Predators zone.
6:21 of 2nd period - Jack Drury is hit by Trevor Zegras.
6:47 of 2nd period - Evander Kane is hit by Ryan Johansen and loses puck.
6:58 of 2nd period - Brett Leason is hit by Shane Pinto and loses puck.
7:30 of 2nd period - Icing by Mattias Samuelsson.
7:31 of 2nd period - Colton Sissons wins face-off versus Marco Rossi in Nashville Predators zone.
8:06 of 2nd period - Wrist shot by Brett Leason.
8:06 of 2nd period - Shot Blocked by Marco Rossi.
8:08 of 2nd period - Snap shot by Brett Leason.
8:08 of 2nd period - Stopped by Lukas Dostal with a rebound.
8:20 of 2nd period - Wrist shot by Shane Pinto.
8:20 of 2nd period - Shot Misses the Net.
8:22 of 2nd period - Slapshot by J.J. Moser.
8:22 of 2nd period - Stopped by Anthony Stolarz without a rebound.
8:23 of 2nd period - Jack Drury wins face-off versus Shane Pinto in Nashville Predators zone.
9:17 of 2nd period - Snap shot by Colton Sissons.
9:17 of 2nd period - Shot Misses the Net.
9:31 of 2nd period - Snap shot by Trevor Zegras.
9:31 of 2nd period - Shot Blocked by Dante Fabbro.
10:36 of 2nd period - Mattias Samuelsson is hit by Jordan Greenway and loses puck.
10:49 of 2nd period - Wrist shot by Thomas Novak.
10:49 of 2nd period - Stopped by Lukas Dostal without a rebound.
10:50 of 2nd period - Thomas Novak wins face-off versus Marco Rossi in Quebec Nordiques zone.
10:51 of 2nd period - Snap shot by Michael Carcone.
10:51 of 2nd period - Stopped by Lukas Dostal with a rebound.
11:21 of 2nd period - Snap shot by Max Pacioretty.
11:21 of 2nd period - Stopped by Lukas Dostal with a rebound.
11:23 of 2nd period - Snap shot by Max Pacioretty.
11:23 of 2nd period - Stopped by Lukas Dostal without a rebound.
11:24 of 2nd period - Ryan Johansen wins face-off versus Marco Rossi in Quebec Nordiques zone.
11:25 of 2nd period - Wrist shot by Leo Carlsson.
11:25 of 2nd period - Stopped by Lukas Dostal without a rebound.
11:26 of 2nd period - Marco Rossi wins face-off versus Ryan Johansen in Quebec Nordiques zone.
11:35 of 2nd period - Snap shot by Marco Rossi.
11:35 of 2nd period - Shot Blocked by Jordan Harris.
11:51 of 2nd period - Dante Fabbro is hit by Connor Brown and loses puck.
12:10 of 2nd period - Wrist shot by Thomas Novak.
12:10 of 2nd period - Stopped by Lukas Dostal without a rebound.
12:11 of 2nd period - Thomas Novak wins face-off versus Barrett Hayton in Quebec Nordiques zone.
12:16 of 2nd period - Slapshot by Josh Doan.
12:16 of 2nd period - Deflect By Thomas Novak.
12:16 of 2nd period - Shot Blocked by Jonas Siegenthaler.
12:16 of 2nd period - Puck is out of play.
12:17 of 2nd period - Barrett Hayton wins face-off versus Thomas Novak in Quebec Nordiques zone.
13:16 of 2nd period - Backhand shot by Jonas Siegenthaler.
13:16 of 2nd period - Stopped by Anthony Stolarz without a rebound.
13:17 of 2nd period - Jack Drury wins face-off versus Marco Rossi in Nashville Predators zone.
13:24 of 2nd period - Wrist shot by Cole Perfetti.
13:24 of 2nd period - Stopped by Anthony Stolarz without a rebound.
13:25 of 2nd period - Marco Rossi wins face-off versus Jack Drury in Nashville Predators zone.
13:50 of 2nd period - Wrist shot by Leo Carlsson.
13:50 of 2nd period - Shot Blocked by Shane Pinto.
13:52 of 2nd period - Snap shot by Brett Leason.
13:52 of 2nd period - Stopped by Lukas Dostal with a rebound.
14:12 of 2nd period - Wrist shot by Colton Sissons.
14:12 of 2nd period - Shot Misses the Net.
14:14 of 2nd period - Snap shot by Pius Suter.
14:14 of 2nd period - Shot Misses the Net.
14:16 of 2nd period - Snap shot by Dante Fabbro.
14:16 of 2nd period - Stopped by Lukas Dostal without a rebound.
14:17 of 2nd period - Marco Rossi wins face-off versus Colton Sissons in Quebec Nordiques zone.
14:53 of 2nd period - Snap shot by Leo Carlsson.
14:53 of 2nd period - Shot Misses the Net.
14:55 of 2nd period - Snap shot by Leo Carlsson.
14:55 of 2nd period - Shot Blocked by Connor Brown.
15:12 of 2nd period - Icing by Jonas Siegenthaler.
15:13 of 2nd period - Jack Drury wins face-off versus Shane Pinto in Quebec Nordiques zone.
15:38 of 2nd period - Juuso Valimaki is hit by Brett Leason and loses puck.
15:45 of 2nd period - Henri Jokiharju is hit by Evander Kane and loses puck.
15:50 of 2nd period - Wrist shot by Evander Kane.
15:50 of 2nd period - Deflect By Connor Brown.
15:50 of 2nd period - Goal by Connor Brown - Nashville Predators : 3 - Quebec Nordiques : 1.
15:51 of 2nd period - Pius Suter wins face-off versus Marco Rossi in neutral zone.
16:02 of 2nd period - Snap shot by Colton Sissons.
16:02 of 2nd period - Shot Misses the Net.
16:16 of 2nd period - J.J. Moser is hit by Zach Benson and loses puck.
16:33 of 2nd period - Mattias Samuelsson is hit by Kirby Dach and loses puck.
16:56 of 2nd period - Icing by Artem Zub.
16:57 of 2nd period - Marco Rossi wins face-off versus Jack Drury in Nashville Predators zone.
17:02 of 2nd period - Slapshot by Trevor Zegras.
17:02 of 2nd period - Stopped by Anthony Stolarz with a rebound.
17:07 of 2nd period - Minor Penalty to Trevor Zegras for Delaying the game.
17:08 of 2nd period - Ryan Johansen wins face-off versus Ryan Poehling in Quebec Nordiques zone.
17:08 of 2nd period - Snap shot by Leo Carlsson.
17:08 of 2nd period - Stopped by Lukas Dostal with a rebound.
17:10 of 2nd period - Wrist shot by Leo Carlsson.
17:10 of 2nd period - Nashville Predators goal is going for a video replay.
17:10 of 2nd period - The goal is good.
17:10 of 2nd period - Goal by Leo Carlsson - Nashville Predators : 4 - Quebec Nordiques : 1.
17:11 of 2nd period - Ryan Johansen wins face-off versus Marco Rossi in neutral zone.
17:16 of 2nd period - Wrist shot by Ryan Johansen.
17:16 of 2nd period - Stopped by Lukas Dostal with a rebound.
17:18 of 2nd period - Slapshot by Henri Jokiharju.
17:18 of 2nd period - Stopped by Lukas Dostal with a rebound.
17:20 of 2nd period - Wrist shot by Ryan Johansen.
17:20 of 2nd period - Shot Blocked by Trevor Zegras.
17:25 of 2nd period - Minor Penalty to Trevor Zegras for Roughing.
17:26 of 2nd period - Ryan Poehling wins face-off versus Ryan Johansen in Quebec Nordiques zone.
17:53 of 2nd period - Jordan Harris is hit by Michael McCarron.
18:13 of 2nd period - Wrist shot by Leo Carlsson.
18:13 of 2nd period - Deflect By Ryan Johansen.
18:13 of 2nd period - Stopped by Lukas Dostal with a rebound.
18:25 of 2nd period - Jordan Greenway is hit by Ryan Johansen and loses puck.
19:12 of 2nd period - Backhand shot by Leo Carlsson.
19:12 of 2nd period - Goal by Leo Carlsson - Nashville Predators : 5 - Quebec Nordiques : 1.
19:13 of 2nd period - Colton Sissons wins face-off versus Cole Perfetti in neutral zone.
19:16 of 2nd period - Snap shot by Pius Suter.
19:16 of 2nd period - Goal by Pius Suter - Nashville Predators : 6 - Quebec Nordiques : 1.
19:17 of 2nd period - Marco Rossi wins face-off versus Colton Sissons in neutral zone.
19:20 of 2nd period - Slapshot by J.J. Moser.
19:20 of 2nd period - Stopped by Anthony Stolarz with a rebound.
19:30 of 2nd period - Snap shot by Trevor Zegras.
19:30 of 2nd period - Stopped by Anthony Stolarz with a rebound.
Goals for this period are 4 for Nashville Predators vs 1 for Quebec Nordiques.
Shots for this period are 21 for Nashville Predators vs 14 for Quebec Nordiques.
3rd period
0:01 of 3rd period - Cole Perfetti wins face-off versus Brett Leason in neutral zone.
0:26 of 3rd period - Cole Perfetti is hit by Simon Benoit and loses puck.
0:37 of 3rd period - Wrist shot by Jack Drury.
0:37 of 3rd period - Deflect By Zach Benson.
0:37 of 3rd period - Stopped by Lukas Dostal with a rebound.
0:39 of 3rd period - Slapshot by Simon Benoit.
0:39 of 3rd period - Shot Misses the Net.
0:49 of 3rd period - Artem Zub is hit by Marc Staal and loses puck.
1:37 of 3rd period - Snap shot by Michael Carcone.
1:37 of 3rd period - Stopped by Lukas Dostal without a rebound.
1:38 of 3rd period - Shane Pinto wins face-off versus Colton Sissons in Quebec Nordiques zone.
1:45 of 3rd period - Wrist shot by Shane Pinto.
1:45 of 3rd period - Deflect By Connor Brown.
1:45 of 3rd period - Shot Misses the Net.
1:45 of 3rd period - Puck is out of play.
1:46 of 3rd period - Shane Pinto wins face-off versus Colton Sissons in Nashville Predators zone.
2:10 of 3rd period - Snap shot by Connor Brown.
2:10 of 3rd period - Stopped by Anthony Stolarz with a rebound.
2:12 of 3rd period - Wrist shot by Evander Kane.
2:12 of 3rd period - Stopped by Anthony Stolarz with a rebound.
2:14 of 3rd period - Slapshot by Evander Kane.
2:14 of 3rd period - Stopped by Anthony Stolarz with a rebound.
2:16 of 3rd period - Slapshot by J.J. Moser.
2:16 of 3rd period - Deflect By Connor Brown.
2:16 of 3rd period - Shot Misses the Net.
2:16 of 3rd period - Puck is out of play.
2:17 of 3rd period - Leo Carlsson wins face-off versus Barrett Hayton in Nashville Predators zone.
2:17 of 3rd period - Leo Carlsson is hit by Barrett Hayton.
2:25 of 3rd period - Juuso Valimaki is hit by Simon Benoit and loses puck.
2:36 of 3rd period - Juuso Valimaki is hit by Leo Carlsson.
3:08 of 3rd period - Shane Pinto is hit by Pius Suter and loses puck.
3:20 of 3rd period - Off-side.
3:21 of 3rd period - Ryan Johansen wins face-off versus Michael McCarron in neutral zone.
3:24 of 3rd period - Wrist shot by Brett Leason.
3:24 of 3rd period - Stopped by Lukas Dostal with a rebound.
3:32 of 3rd period - Slapshot by Jordan Greenway.
3:32 of 3rd period - Shot Blocked by Ryan Johansen.
3:34 of 3rd period - Slapshot by Marc Staal.
3:34 of 3rd period - Deflect By Michael McCarron.
3:34 of 3rd period - Goal by Michael McCarron - Nashville Predators : 6 - Quebec Nordiques : 2.
3:35 of 3rd period - Marco Rossi wins face-off versus Ryan Johansen in neutral zone.
4:44 of 3rd period - Jesper Boqvist is hit by Juuso Valimaki and loses puck.
5:11 of 3rd period - Connor Brown is hit by Michael Carcone and loses puck.
5:50 of 3rd period - Snap shot by Kirby Dach.
5:50 of 3rd period - Stopped by Anthony Stolarz without a rebound.
5:51 of 3rd period - Barrett Hayton wins face-off versus Ryan Johansen in Nashville Predators zone.
6:02 of 3rd period - Snap shot by Ryan Johansen.
6:02 of 3rd period - Shot Misses the Net.
6:21 of 3rd period - Snap shot by Evander Kane.
6:21 of 3rd period - Shot Misses the Net.
7:06 of 3rd period - Wrist shot by Barrett Hayton.
7:06 of 3rd period - Stopped by Anthony Stolarz without a rebound.
7:06 of 3rd period - Minor Penalty to Anthony Stolarz for Delaying the game.
7:07 of 3rd period - Evander Kane wins face-off versus Ryan Johansen in Nashville Predators zone.
7:14 of 3rd period - Snap shot by Evander Kane.
7:14 of 3rd period - Deflect By Connor Brown.
7:14 of 3rd period - Stopped by Anthony Stolarz without a rebound.
7:15 of 3rd period - Shane Pinto wins face-off versus Ryan Johansen in Nashville Predators zone.
9:06 of 3rd period - Penalty to Jordan Harris is over, Jordan Harris is back on ice.
9:32 of 3rd period - Icing by Colton Sissons.
9:33 of 3rd period - Jack Drury wins face-off versus Michael McCarron in Nashville Predators zone.
9:58 of 3rd period - Josh Doan is hit by Barrett Hayton and loses puck.
10:05 of 3rd period - Michael Carcone is hit by Kirby Dach and loses puck.
11:20 of 3rd period - Snap shot by Barrett Hayton.
11:20 of 3rd period - Stopped by Anthony Stolarz without a rebound.
11:21 of 3rd period - Marco Rossi wins face-off versus Jesper Boqvist in Nashville Predators zone.
11:47 of 3rd period - Trevor Zegras is hit by Brett Leason and loses puck.
12:32 of 3rd period - Wrist shot by Evander Kane.
12:32 of 3rd period - Deflect By Max Pacioretty.
12:32 of 3rd period - Stopped by Anthony Stolarz without a rebound.
12:33 of 3rd period - Shane Pinto wins face-off versus Brett Leason in Nashville Predators zone.
13:09 of 3rd period - Snap shot by Colton Sissons.
13:09 of 3rd period - Stopped by Lukas Dostal without a rebound.
13:10 of 3rd period - Colton Sissons wins face-off versus Barrett Hayton in Quebec Nordiques zone.
13:32 of 3rd period - Icing by Marc Staal.
13:33 of 3rd period - Ryan Johansen wins face-off versus Shane Pinto in Quebec Nordiques zone.
13:58 of 3rd period - Cole Perfetti is hit by Colton Sissons and loses puck.
14:21 of 3rd period - Snap shot by Jordan Greenway.
14:21 of 3rd period - Shot Misses the Net.
14:23 of 3rd period - Snap shot by Michael McCarron.
14:23 of 3rd period - Stopped by Anthony Stolarz with a rebound.
14:25 of 3rd period - Wrist shot by Michael McCarron.
14:25 of 3rd period - Shot Misses the Net.
14:27 of 3rd period - Wrist shot by Ryan Poehling.
14:27 of 3rd period - Stopped by Anthony Stolarz with a rebound.
14:29 of 3rd period - Slapshot by J.J. Moser.
14:29 of 3rd period - Shot Blocked by Jack Drury.
14:31 of 3rd period - Slapshot by Michael McCarron.
14:31 of 3rd period - Stopped by Anthony Stolarz without a rebound.
14:32 of 3rd period - Ryan Johansen wins face-off versus Connor Brown in Nashville Predators zone.
15:06 of 3rd period - Snap shot by Trevor Zegras.
15:06 of 3rd period - Shot Misses the Net.
15:21 of 3rd period - Off-side.
15:22 of 3rd period - Michael McCarron wins face-off versus Ryan Johansen in neutral zone.
15:35 of 3rd period - Slapshot by Artem Zub.
15:35 of 3rd period - Shot Misses the Net.
15:37 of 3rd period - Snap shot by Brett Leason.
15:37 of 3rd period - Stopped by Lukas Dostal without a rebound.
15:38 of 3rd period - Shane Pinto wins face-off versus Thomas Novak in Quebec Nordiques zone.
16:10 of 3rd period - Wrist shot by Marco Rossi.
16:10 of 3rd period - Shot Misses the Net.
16:36 of 3rd period - Icing by Max Pacioretty.
16:37 of 3rd period - Shane Pinto wins face-off versus Colton Sissons in Nashville Predators zone.
16:40 of 3rd period - Wrist shot by Shane Pinto.
16:40 of 3rd period - Shot Blocked by Artem Zub.
17:30 of 3rd period - Wrist shot by Pius Suter.
17:30 of 3rd period - Stopped by Lukas Dostal without a rebound.
17:31 of 3rd period - Marco Rossi wins face-off versus Ryan Johansen in Quebec Nordiques zone.
17:31 of 3rd period - Marco Rossi is hit by Brett Leason.
17:34 of 3rd period - Minor Penalty to Marco Rossi for Slashing.
17:35 of 3rd period - Ryan Poehling wins face-off versus Ryan Johansen in Quebec Nordiques zone.
18:00 of 3rd period - Snap shot by Jordan Greenway.
18:00 of 3rd period - Shot Misses the Net.
18:22 of 3rd period - Colton Sissons is hit by Marc Staal and loses puck.
18:33 of 3rd period - Ryan Poehling is hit by Ryan Johansen and loses puck.
19:34 of 3rd period - Penalty to Marco Rossi is over, Marco Rossi is back on ice.
Goals for this period are 0 for Nashville Predators vs 1 for Quebec Nordiques.
Shots for this period are 6 for Nashville Predators vs 12 for Quebec Nordiques.
Back to the Top